 Dungeon Crawl Stone Soup version 0.19.1 (webtiles) character file.

44 FloraKitsune the Poker (level 3, -2/27 HPs)
             Began as a Merfolk Skald on Dec 3, 2016.
             Slain by Sigmund
             ... wielding a +0 scythe
              (12 damage)
             ... on level 2 of the Dungeon.
             The game lasted 00:01:34 (1476 turns).

FloraKitsune the Poker (Merfolk Skald)              Turns: 1476, Time: 00:01:35

Health: -2/27      AC:  3    Str: 12    XL:     3   Next: 62%
Magic:  6/6        EV: 11    Int: 11    God:
Gold:   12         SH:  0    Dex: 14    Spells: 1 memorised, 5 levels left

rFire  . . .     SeeInvis .     a - +0 spear
rCold  . . .     Gourm    .     b - +0 leather armour
rNeg   . . .     Faith    .     (no shield)
rPois  .         Spirit   .     (no helmet)
rElec  .         Reflect  .     (no cloak)
rCorr  .         Harm     .     (no gloves)
MR     .....                    (no boots)
Stlth  +.........               (no amulet)
                                (no ring)
                                (no ring)

@: no status effects
A: change form in water, swift swim, stealthy swim
a: no special abilities


You were on level 2 of the Dungeon.
You were not hungry.

You visited 1 branch of the dungeon, and saw 2 of its levels.

You collected 12 gold pieces.

Inventory:

Hand Weapons
 a - a +0 spear (weapon)
Armour
 b - a +0 leather armour (worn)
Wands
 n - a wand of iceblast (12/15)
Scrolls
 e - a scroll of magic mapping {unknown}
 h - 4 scrolls of identify {unknown}
 i - a scroll of remove curse {unknown}
Potions
 g - a potion of curing
 j - a potion of mutation {unknown}
 k - a potion of haste {unknown}
Books
 c - a book of Battle

   Spells                             Type                      Level
   a - Infusion                       Charms                       1
   b - Shroud of Golubria             Charms/Translocation         2
   c - Song of Slaying                Charms                       2
   d - Spectral Weapon                Hexes/Charms                 3
   e - Regeneration                   Charms/Necromancy            3
Comestibles
 d - 2 bread rations
 f - a royal jelly
 l - a meat ration


   Skills:
 - Level 2.1 Fighting
 + Level 5.7 Polearms
 - Level 0.6 Armour
 - Level 1.3 Dodging
 - Level 2.0 Spellcasting
 - Level 3.2 Charms


You had 5 spell levels left.
You knew the following spells:

 Your Spells              Type           Power        Failure   Level  Hunger
a - Infusion              Chrm           #...         12%         1    ##.....


Dungeon Overview and Level Annotations

Branches:
Dungeon (2/15)

Altars:

Annotations:
D:2 Sigmund


Message History

The magic dart hits you! The rat closely misses you.
You bump into the tree.
Sigmund mumbles some strange words.
Sigmund flickers and vanishes!
Deactivating autopickup; reactivate with Ctrl-A.
The rat bites you. The rat misses you. Something hits you but does no damage.
The rat bites you.
You bump into the tree.
You hear some strange, mumbled words.
Something tries to affect you, but you resist.
The rat barely misses you.
You bump into the tree.
Something hits you!
* * * LOW HITPOINT WARNING * * *
The rat barely misses you.
You feel less confused. The rat bites you but does no damage.
Unknown command.
It was a potion of curing.
You feel better. Something hits you!
You die...

###. ♣.P♣ #......♣♣.
.#...###♣♣..♣♣♣♣......♣.♣
....#....♣..P.P♣♣♣....♣♣.
........♣♣♣...♣.......♣♣
......(.♣P♣..P♣.......
#.....♣♣..P♣♣♣.......
#...{♣♣♣.♣.♣♣#.....##
#..r.♣...♣♣.#...##.#
#.#...@♣..P♣♣...### .#
.........♣♣♣♣##### .
#.#$......# #.........?#
.).P.#......
.P♣.P........
PP♣..###...#..


PPP ###..... .! ###### You could see a rat.

Vanquished Creatures
  A gnoll (D:1)
  An ooze (D:1)
  A dart slug (D:1)
  A leopard gecko (D:1)
  A ball python (D:1)
  5 bats (D:1)
  2 giant cockroaches
  A goblin (D:1)
  3 hobgoblins (D:1)
  3 frilled lizards (D:1)
  7 kobolds (D:1)
  4 rats (D:1)
30 creatures vanquished.

Notes
Turn   | Place    | Note
-------+----------+-------------------------------------------
     0 | D:1      | FloraKitsune the Merfolk Skald began the quest for the Orb.
     0 | D:1      | Reached XP level 1. HP: 16/16 MP: 3/3
   306 | D:1      | Reached skill level 4 in Polearms
   306 | D:1      | Reached XP level 2. HP: 19/22 MP: 5/5
   638 | D:1      | Reached skill level 5 in Polearms
   638 | D:1      | Reached XP level 3. HP: 10/27 MP: 6/6
  1465 | D:2      | Noticed Sigmund
  1476 | D:2      | Slain by Sigmund

Skill      XL: |  1  2 |
---------------+-------+-----
Polearms       | 4 5 |  5.7
Fighting       | |  2.1
Armour         | |  0.6
Dodging        | |  1.3
Spellcasting   | |  2.0
Charms         | |  3.2

Action                   || total
-------------------------++-------
Melee: Spear             ||   106
 Cast: Infusion          ||     1
  Use: Potion            ||     1
 Stab: Sleeping          ||     1
  Eat: Chunk             ||     2
Armor: Leather armour    ||    22
Dodge: Dodged            ||    37
